 Dungeon Crawl Stone Soup version 0.26-a0-976-gd3b5134375 (webtiles) character file.

Game seed: 10891767328285026676

221 Gargoyl the Skirmisher (level 5, -1/47 HPs)
             Began as a Gnoll Abyssal Knight on Dec 5, 2020.
             Was a Believer of Lugonu.
             Slain by Edmund
             ... wielding a +3 flail of draining
              (8 damage)
             ... on level 6 of the Dungeon.
             The game lasted 00:05:52 (3158 turns).

Gargoyl the Skirmisher (Gnoll Abyssal Knight)       Turns: 3158, Time: 00:05:54

Health: -1/47      AC: 14    Str: 15    XL:     5   Next: 98%
Magic:  8/8        EV:  6    Int: 14    God:    Lugonu [**....]
Gold:   285        SH:  0    Dex: 17    Spells: 7/7 levels left

rFire    x . .     SeeInvis .   c - +1 broad axe
rCold    + . .     Faith    .   (no shield)
rNeg     . . .     Spirit   .   e - +0 plate armour
rPois    .         Reflect  .   g - +0 helmet
rElec    .         Harm     .   (no cloak)
rCorr    .         Rampage  .   (no gloves)
MR       .....                  k - +0 pair of boots
Stlth    ..........             (no amulet)
HPRegen  0.15/turn              d - ring of Jealousy {Ice +Blink Dex+2}
MPRegen  0.11/turn              (no ring)

@: no status effects
A: distributed training, fangs 1, strong nose
a: Depart the Abyss, Bend Space, Renounce Religion, Evoke Blink


You were on level 6 of the Dungeon.
You worshipped Lugonu.
Lugonu was pleased with you.
You visited 1 branch of the dungeon, and saw 6 of its levels.
You visited the Abyss 1 time.

You collected 285 gold pieces.

Inventory:

Hand Weapons
 a - a +1 hand axe
 c - a +1 broad axe (weapon)
Armour
 e - a +0 plate armour (worn)
 g - a +0 helmet (worn)
 k - a +0 pair of boots (worn)
Jewellery
 d - the ring of Jealousy (left hand) {Ice +Blink Dex+2}
   (You found it on level 3 of the Abyss)

   [ring of ice]

   It enhances your ice magic.
   It affects your dexterity (+2).
   It makes you vulnerable to fire.
   It protects you from cold.
   It lets you blink.
Scrolls
 h - a scroll of identify
 i - 2 scrolls of teleportation
 j - a scroll of fear
Potions
 b - a potion of berserk rage {unknown}
 f - 2 potions of curing
 m - a potion of degeneration {unknown}
 o - a potion of haste {unknown}
 p - a potion of resistance {unknown}


   Skills:
 + Level 6.7 Fighting
 + Level 1.7 Short Blades
 + Level 1.7 Long Blades
 + Level 4.9 Axes
 + Level 1.7 Maces & Flails
 + Level 1.7 Polearms
 + Level 1.7 Staves
 + Level 1.7 Slings
 + Level 1.7 Bows
 + Level 1.7 Crossbows
 + Level 1.7 Throwing
 + Level 4.9 Armour
 + Level 3.1 Dodging
 + Level 1.7 Stealth
 + Level 1.7 Shields
 + Level 1.7 Unarmed Combat
 + Level 1.7 Spellcasting
 + Level 1.3 Conjurations
 + Level 1.3 Hexes
 + Level 1.3 Summonings
 + Level 1.3 Necromancy
 + Level 1.3 Translocations
 + Level 1.3 Transmutations
 + Level 1.3 Fire Magic
 + Level 1.3 Ice Magic
 + Level 1.3 Air Magic
 + Level 1.3 Earth Magic
 + Level 1.3 Poison Magic
 + Level 5.0 Invocations
 + Level 1.7 Evocations


You had 7 spell levels left.
You didn't know any spells.
Your spell library was empty.

Dungeon Overview and Level Annotations

Branches:
Dungeon (6/15)
 Temple: D:4-7

Altars:
Fedhas
Hepliaklqana
Nemelex Xobeh
Ru
Sif Muna
Vehumet
Yredelemnul

Annotations:
D:5 Prince Ribbit
D:6 Edmund


Innate Abilities, Weirdness & Mutations

Your experience applies equally to all skills.
You have very sharp teeth.
Your uncanny sense of smell can sniff out nearby items.


Message History

The phantom blinks!
Unknown command.
The phantom blinks!
Found 10 gold pieces.
You now have 285 gold pieces (gained 10).
Found a scroll of teleportation.
You start resting.
A phantom is nearby!
The phantom blinks!
i - 3 scrolls of teleportation (gained 1)
There are no items here.
As you read the scroll of teleportation, it crumbles to dust.
You feel strangely unstable.
Your surroundings suddenly seem different.
Edmund the Younger comes into view.
He is wielding a +3 flail of draining and carrying a wand of random effects (15).
Edmund shouts!
A ball python comes into view.
The ball python hisses angrily.
Edmund hits you with a +3 flail of draining!
You die...

....... ..
....... ..
....... ..
....... .###
....... ...####
....... .......
.......#@..####
..S....@.......
.....#########.
... # #.. . ...


You could see Edmund and a ball python.

Vanquished Creatures
  3 orc wizards (D:4)
  An orc priest (D:4)
  2 adders
  2 worms (D:4)
  2 dart slugs
  7 leopard geckos
  11 orcs
  6 bats
  3 giant cockroaches
  2 hobgoblins (D:1)
  5 jackals
  A quokka (D:2)
  A ball python (D:1)
  A frilled lizard (D:1)
  3 goblins
  8 kobolds
  9 rats
67 creatures vanquished.

Notes
Turn   | Place    | Note
-------+----------+-------------------------------------------
     0 | Abyss:1  | Gargoyl the Gnoll Abyssal Knight began the quest for the
                  | Orb.
     0 | Abyss:1  | Reached XP level 1. HP: 23/23 MP: 3/3
     3 | Abyss:1  | Found a corrupted altar of Lugonu.
    68 | Abyss:2  | Noticed a smoke demon
   114 | Abyss:3  | Found a corrupted altar of Lugonu.
   146 | Abyss:3  | Got a heavily runed marble ring
   147 | Abyss:3  | Identified the ring of Jealousy {Ice +Blink Dex+2} (You
                  | found it on level 3 of the Abyss)
   169 | Abyss:3  | Noticed a large abomination
   181 | Abyss:3  | Noticed a freezing wraith
   188 | D:1      | Escaped the Abyss
   607 | D:1      | Reached XP level 2. HP: 29/29 MP: 5/5
   611 | D:1      | Reached * piety under Lugonu
   660 | D:1      | You fall into a shaft and drop 1 floor!
   723 | D:1      | Reached XP level 3. HP: 30/35 MP: 6/6
   866 | D:1      | Found a sparkling altar of Nemelex Xobeh.
  1081 | D:2      | Found a blossoming altar of Fedhas.
  1594 | D:3      | Reached skill level 1 in Short Blades
  1594 | D:3      | Reached skill level 1 in Long Blades
  1594 | D:3      | Reached skill level 1 in Maces & Flails
  1594 | D:3      | Reached skill level 1 in Polearms
  1594 | D:3      | Reached skill level 1 in Staves
  1594 | D:3      | Reached skill level 1 in Slings
  1594 | D:3      | Reached skill level 1 in Bows
  1594 | D:3      | Reached skill level 1 in Crossbows
  1594 | D:3      | Reached skill level 1 in Throwing
  1594 | D:3      | Reached skill level 1 in Stealth
  1594 | D:3      | Reached skill level 1 in Shields
  1594 | D:3      | Reached skill level 1 in Unarmed Combat
  1594 | D:3      | Reached skill level 1 in Spellcasting
  1594 | D:3      | Reached skill level 1 in Evocations
  1643 | D:3      | Reached XP level 4. HP: 36/41 MP: 7/7
  1773 | D:3      | Found a faded altar of an unknown god.
  2223 | D:4      | Reached skill level 1 in Conjurations
  2223 | D:4      | Reached skill level 1 in Hexes
  2223 | D:4      | Reached skill level 1 in Summonings
  2223 | D:4      | Reached skill level 1 in Necromancy
  2223 | D:4      | Reached skill level 1 in Translocations
  2223 | D:4      | Reached skill level 1 in Transmutations
  2223 | D:4      | Reached skill level 1 in Fire Magic
  2223 | D:4      | Reached skill level 1 in Ice Magic
  2223 | D:4      | Reached skill level 1 in Air Magic
  2223 | D:4      | Reached skill level 1 in Earth Magic
  2223 | D:4      | Reached skill level 1 in Poison Magic
  2247 | D:4      | Reached ** piety under Lugonu
  2252 | D:4      | Reached XP level 5. HP: 39/47 MP: 8/8
  2570 | D:4      | Found a radiant altar of Vehumet.
  2598 | D:4      | Found a sacrificial altar of Ru.
  2641 | D:4      | Found a shimmering blue altar of Sif Muna.
  2693 | D:4      | Found a basalt altar of Yredelemnul.
  2842 | D:4      | Found a hazy altar of Hepliaklqana.
  2901 | D:4      | Reached skill level 5 in Invocations
  2964 | D:5      | Entered Level 5 of the Dungeon
  2979 | D:5      | Noticed Prince Ribbit
  3012 | D:5      | HP: 1/47 [Prince Ribbit (8)]
  3063 | D:6      | Noticed a phantom
  3120 | D:6      | HP: 1/47 [phantom (7)]
  3158 | D:6      | Noticed Edmund
  3158 | D:6      | Slain by Edmund

Illustrated notes

Levels and vault maps discovered:
D:1:      psy_arrival_dodecagon, layout_rooms, serial_park_tiny_1,
          nemelex_diamond_rough_becter
D:2:      layout_basic, fedhas_ov_isle_minmay
D:3:      layout_basic, chequers_ecumenical_altar_grove
D:4:      layout_rooms, lemuel_round_altar, lemuel_crystal_altar,
          kennysheep_mini, lemuel_blue_sif_altar, general_overflow_altar,
          gup_sewer_entry_bubbles
D:5:      layout_rooms, minmay_temple_entry_junction, abandoned_shop,
          uniq_pikel, uniq_prince_ribbit1, uniq_crazy_yiuf_cottage
D:6:      layout_basic, serial_shops, nicolae_shop_crystal, uniq_maggie,
          uniq_edmund

Skill      XL: |  1  2  3  4  5 |
---------------+----------------+-----
Short Blades   | 1 |  1.7
Long Blades    | 1 |  1.7
Maces & Flails | 1 |  1.7
Polearms       | 1 |  1.7
Staves         | 1 |  1.7
Slings         | 1 |  1.7
Bows           | 1 |  1.7
Crossbows      | 1 |  1.7
Throwing       | 1 |  1.7
Stealth        | 1 |  1.7
Shields        | 1 |  1.7
Unarmed Combat | 1 |  1.7
Spellcasting   | 1 |  1.7
Evocations     | 1 |  1.7
Conjurations   | 1 |  1.3
Hexes          | 1 |  1.3
Summonings     | 1 |  1.3
Necromancy     | 1 |  1.3
Translocations | 1 |  1.3
Transmutations | 1 |  1.3
Fire Magic     | 1 |  1.3
Ice Magic      | 1 |  1.3
Air Magic      | 1 |  1.3
Earth Magic    | 1 |  1.3
Poison Magic   | 1 |  1.3
Dodging        | 3 |  3.1
Invocations    | 5 |  5.0
Fighting       | |  6.7
Axes           | |  4.9
Armour         | |  4.9

Action                   |  1- 3 |  4- 6 || total
-------------------------+-------+-------++-------
Melee: Broad axe         |    63 |    91 ||   154
       Hand axe          |    10 |       ||    10
       Bite              |     9 |     4 ||    13
Invok: Depart the Abyss  |     1 |       ||     1
  Use: Potion            |     3 |     1 ||     4
       Scroll            |     5 |     8 ||    13
Armor: Plate armour      |    73 |    87 ||   160
Dodge: Dodged            |    37 |    27 ||    64

Table legend: (Time is in decaauts)
 A = Elapsed time spent in this place.
 B = Non-inter-level travel time spent in this place.
 C = Inter-level travel time spent in this place.
 D = Time resting spent in this place.
 E = Time spent auto-exploring this place.
 F = Levels seen in this place.
 G = Mean time per level.
                   A        B        C        D        E       F      G
               +--------+--------+--------+--------+--------+-----+--------+
         Total |   3262 |   3172 |     90 |     84 |   2300 |   9 |  362.4 |
       Dungeon |   3075 |   2985 |     90 |     42 |   2223 |   6 |  512.5 |
         Abyss |    186 |    186 |      0 |     42 |     77 |   3 |   62.0 |
               +--------+--------+--------+--------+--------+-----+--------+

Top non-repeatable levels by time:
     D:1: 844 daAuts
     D:4: 806 daAuts
     D:3: 758 daAuts
     D:2: 465 daAuts
 Abyss:3: 117 daAuts
     D:5: 101 daAuts
     D:6: 99 daAuts
 Abyss:2: 61 daAuts
 Abyss:1: 8 daAuts
